 Dungeon Crawl Stone Soup version 0.32-a0-643-ga006e7742e (webtiles) character file.

Game seed: 12533171976774049132

70 Darkkill the Shooter (level 4, -5/38 HPs)
             Began as a Minotaur Hunter on Mar 7, 2024.
             Slain by an orc
             ... wielding a +2 flail of protection
              (7 damage)
             ... on level 2 of the Dungeon.
             The game lasted 00:00:42 (1208 turns).

Darkkill the Shooter (Minotaur Hunter)              Turns: 1208, Time: 00:00:42

Health: -5/38      AC:  3    Str: 15    XL:     4   Next: 3%
Magic:  3/3        EV: 12    Int:  6    God:
Gold:   140        SH:  0    Dex: 16    Spells: 3/3 levels left

rFire   . . .        a - +0 shortbow
rCold   . . .        (shield currently unavailable)
rNeg    . . .        c - +0 leather armour
rPois   .            (helmet restricted)
rElec   .            (no cloak)
rCorr   .            (no gloves)
SInv    +            (no boots)
Will    .....        (no amulet)
Stlth   ++           g - ring of see invisible
HPRegen 0.26/turn    (no ring)
MPRegen 0.08/turn

%: no passive effects
@: no status effects
A: horns 2, retaliatory headbutt
a: no special abilities


You were on level 2 of the Dungeon.
You visited 1 branch of the dungeon, and saw 2 of its levels.

You collected 140 gold pieces.

Inventory:

Hand Weapons
 a - a +0 shortbow (weapon)
Missiles
 d - 20 stones
 e - 5 boomerangs
 h - 2 poisoned darts
Armour
 c - a +0 leather armour (worn)
 j - a +0 cloak
Jewellery
 g - a ring of see invisible (left hand)
Scrolls
 b - a scroll of butterflies
 i - a scroll of teleportation {unknown}
 k - a scroll of amnesia {unknown}
Potions
 f - 2 potions of curing {unknown}


   Skills:
 + Level 3.3 Fighting
 + Level 4.9 Ranged Weapons
 + Level 3.0 Dodging
 + Level 1.7 Stealth


You had 3 spell levels left.
You didn't know any spells.
Your spell library contained the following spells:

 Spells                   Type           Power      Damage    Failure   Level
 Apportation              Tloc           0%         N/A       52%         1
 Magic Dart               Conj           0%         1d3       52%         1
 Necrotise                Necr           0%         1d4       52%         1
 Sting                    Conj/Alch      0%         1d3       52%         1
 Summon Small Mammal      Summ           0%         N/A       52%         1
 Blink                    Tloc           0%         N/A       67%         2
 Call Imp                 Summ           0%         N/A       67%         2


Dungeon Overview and Level Annotations

Branches:
Dungeon (2/15)

Altars:


Innate Abilities, Weirdness & Mutations

You have a pair of horns on your head.
You reflexively headbutt those who attack you in melee.


Message History

You see here a +0 hand axe.
There is a stone staircase leading up here.
Found a stone staircase leading up.
No target in view!
There is a stone staircase leading up here.
A goblin comes into view. It is wielding a +0 club.
You shoot an arrow. The arrow hits the goblin.
The goblin is moderately wounded.
The goblin unwields a +0 club.
The goblin wields a +0 sling.
The goblin shoots a sling bullet.
The sling bullet barely misses you.
A goblin is nearby!
You shoot an arrow. The arrow closely misses the goblin.
The goblin shoots a sling bullet.
The sling bullet hits you but does no damage.
A goblin is nearby!
You shoot an arrow. The arrow hits the goblin.
You kill the goblin!
You now have 140 gold pieces (gained 7).
Things that are here:
a +0 sling; a +0 club; a goblin corpse An orc comes into view.
It is wielding a +0 mace of holy wrath.
The orc shouts!
You hear a shout!
An orc comes into view. It is wielding a +0 short sword.
You shoot an arrow. The orc shouts!
The arrow hits the orc but does no damage.
An orc comes into view. It is wielding a +0 hand axe.
There are monsters nearby!
You shoot an arrow. The arrow closely misses the orc.
The arrow hits the orc.
The orc is moderately wounded.
An orc comes into view.
It is wielding a +2 flail of protection.
There are monsters nearby!
You shoot an arrow. The arrow hits the orc.
The orc is moderately wounded.
A giant cockroach comes into view.
The giant cockroach moves out of view.
There are monsters nearby!
You shoot an arrow. The arrow barely misses the orc.
There are monsters nearby!
You shoot an arrow. The arrow hits the orc.
The orc is severely wounded.
The orc hits you with a +0 mace of holy wrath.
There are monsters nearby!
You shoot an arrow. The arrow barely misses the orc.
There are monsters nearby!
You shoot an arrow. The arrow closely misses the orc.
The orc barely misses you.
You shoot an arrow. The arrow closely misses the orc.
The orc barely misses you. You furiously retaliate!
You headbutt the orc.
You kill the orc!
The orc hits you with a +0 mace of holy wrath!
The orc barely misses you.
You are too injured to fight recklessly!
You are too injured to fight recklessly!
You are too injured to fight recklessly!
You are too injured to fight recklessly!
You are too injured to fight recklessly!
You are too injured to fight recklessly!
You are too injured to fight recklessly!
You shoot an arrow.
The arrow hits the orc but does no damage.
The orc is severely wounded.
The orc hits you with a +0 mace of holy wrath.
The orc misses you.
You shoot an arrow. The arrow hits the orc.
You kill the orc!
The orc barely misses you.
A hobgoblin comes into view.
Things that are here:
a +0 mace of holy wrath; a +3 ring mail You shoot an arrow.
The arrow barely misses the orc.
The arrow closely misses the giant cockroach.
The hobgoblin shouts!
The orc closely misses you. The orc hits you with a +0 hand axe.
You shoot an arrow.
The arrow hits the orc but does no damage.
The orc hits you with a +2 flail of protection.
The orc hits you with a +0 hand axe.
You shoot an arrow. The arrow hits the orc.
The orc is almost dead.
The orc barely misses you. x2; The orc closely misses you.
The orc misses you. You furiously retaliate!
You headbutt the orc.
You kill the orc!
The giant cockroach misses you. You furiously retaliate!
You headbutt the giant cockroach!
You kill the giant cockroach!
The orc hits you with a +2 flail of protection!
* * * LOW HITPOINT WARNING * * *
You have reached level 4!
You feel agile.
Things that are here:
a +0 hand axe; a +0 chain mail; a +0 short sword You shoot an arrow.
The arrow hits the hobgoblin.
You kill the hobgoblin!
The orc hits you with a +2 flail of protection.
* * * LOW HITPOINT WARNING * * *
You shoot an arrow. The arrow hits the orc.
The orc is severely wounded.
The orc hits you with a +2 flail of protection!
You die...

##..### ##. #....#
####### ###..## #......
#...## #>..... ###
###..## #...... ....
#...###...... .....
##...##.....> ......####
##..##......
......(@)#####..########
.....###o##..........#
### #.##..........#
#######.##..........###
...............#######.
#######.######.......#.
#.# #######... #.# ###.
#.## ##...


You could see an orc.

Vanquished Creatures
  2 adders (D:2)
  3 orcs (D:2)
  3 endoplasms
  2 giant cockroaches
  6 goblins
  6 hobgoblins
  3 jackals
  A kobold (D:1)
  3 quokkas
  6 ball pythons
  4 bats
  3 frilled lizards
  3 rats
45 creatures vanquished.

Notes
Turn   | Place    | Note
-------+----------+-------------------------------------------
     0 | D:1      | Darkkill the Minotaur Hunter began the quest for the Orb.
     0 | D:1      | Reached XP level 1. HP: 18/18 MP: 0/0
    94 | D:1      | Reached skill level 1 in Stealth
   191 | D:1      | Reached XP level 2. HP: 25/25 MP: 1/1
   879 | D:2      | Reached XP level 3. HP: 31/31 MP: 2/2
  1206 | D:2      | HP: 2/31 [orc/+2 flail of protection (11)]
  1207 | D:2      | Reached XP level 4. HP: 3/38 MP: 3/3
  1208 | D:2      | Slain by an orc

Illustrated notes

Levels and vault maps discovered:
D:1:      dpeg_arrival_central, layout_loops_ring
D:2:      layout_rooms, ebering_dispersal_statue_hall, minmay_between

Skill      XL: |  1  2  3 |
---------------+----------+-----
Stealth        | 1 |  1.7
Fighting       | 3 |  3.3
Dodging        | 3 |  3.0
Ranged Weapons | |  4.9

Action                     |  1- 3 |  4- 6 || total
---------------------------+-------+-------++-------
   Fire: Shortbow          |    96 |     2 ||    98
 Armour: Leather armour    |    26 |     2 ||    28
  Dodge: Dodged            |    20 |       ||    20

Table legend: (Time is in decaauts)
 A = Elapsed time spent in this place.
 B = Non-inter-level travel time spent in this place.
 C = Inter-level travel time spent in this place.
 D = Time resting spent in this place.
 E = Time spent auto-exploring this place.
 F = Levels seen in this place.
 G = Mean time per level.
                   A        B        C        D        E       F      G
               +--------+--------+--------+--------+--------+-----+--------+
         Total |   1227 |   1173 |     54 |      0 |    991 |   2 |  613.5 |
       Dungeon |   1227 |   1173 |     54 |      0 |    991 |   2 |  613.5 |
               +--------+--------+--------+--------+--------+-----+--------+

Top non-repeatable levels by time:
     D:1: 887 daAuts
     D:2: 340 daAuts

Levels and vault maps discovered:
D:1:      dpeg_arrival_central, layout_loops_ring
D:2:      layout_rooms, ebering_dispersal_statue_hall, minmay_between

Table legend: (Time is in decaauts)
 A = Elapsed time spent in this place.
 B = Non-inter-level travel time spent in this place.
 C = Inter-level travel time spent in this place.
 D = Time resting spent in this place.
 E = Time spent auto-exploring this place.
 F = Levels seen in this place.
 G = Mean time per level.
                   A        B        C        D        E       F      G
               +--------+--------+--------+--------+--------+-----+--------+
         Total |   1227 |   1173 |     54 |      0 |    991 |   2 |  613.5 |
       Dungeon |   1227 |   1173 |     54 |      0 |    991 |   2 |  613.5 |
               +--------+--------+--------+--------+--------+-----+--------+

Top non-repeatable levels by time:
     D:1: 887 daAuts
     D:2: 340 daAuts

Table legend:
 A = Kills in this place as a percentage of kills in the entire game.
 B = Kills by you in this place as a percentage of kills by you in the entire game.
 C = Kills by friends in this place as a percentage of kills by friends in the entire game.
 D = Other kills in this place as a percentage of other kills in the entire game.
 E = Experience gained in this place as a percentage of experience gained in the entire game.
 F = Experience gained in this place divided by the number of levels of this place that you have seen.
                   A       B       C       D       E      F
               +-------+-------+-------+-------+-------+----------------------
         Total | 100.0 | 100.0 |   N/A |   N/A | 100.0 |  50.0
       Dungeon | 100.0 | 100.0 |   N/A |   N/A | 100.0 |  50.0
               +-------+-------+-------+-------+-------+----------------------
